 Dungeon Crawl Stone Soup version 0.20-a0-1015-g2ec8a95 (webtiles) character file.

121 kuniqs the Charmwright (level 5, -5/41 HPs)
             Began as a Gnoll Skald on Apr 15, 2017.
             Slain by Crazy Yiuf
             ... wielding a +4 quarterstaff of chaos
              (7 damage)
             ... on level 3 of the Dungeon.
             The game lasted 00:05:07 (2291 turns).

kuniqs the Charmwright (Gnoll Skald)                Turns: 2291, Time: 00:05:08

Health: -5/41      AC:  5    Str:  7 (10) XL:     5   Next: 5%
Magic:  10/10      EV: 11    Int: 12 (13) God:
Gold:   91         SH:  0    Dex: 13 (15) Spells: 6/11 levels left

rFire    . . .     SeeInvis +   h - +0 whip
rCold    . . .     Gourm    .   (no shield)
rNeg     . . .     Faith    .   o - +0 ring mail
rPois    .         Spirit   .   (no helmet)
rElec    .         Reflect  .   (no cloak)
rCorr    .         Harm     .   (no gloves)
MR       .....                  (no boots)
Stlth    +.........             (no amulet)
Regen    0.2/turn               r - ring of see invisible
MPRegen  0.2/turn               (no ring)

@: lethally poisoned (-5 -> -13), infused
A: short attention span, fangs 1, strong nose
a: no special abilities


You were on level 3 of the Dungeon.
You were not hungry.

You visited 1 branch of the dungeon, and saw 3 of its levels.

You collected 91 gold pieces.

Inventory:

Hand Weapons
 a - a +0 mace
 h - a +0 whip (weapon)
Armour
 o - a +0 ring mail (worn)
Jewellery
 r - a ring of see invisible (left hand)
Scrolls
 b - a scroll of recharging {unknown}
 e - 5 scrolls of teleportation {unknown}
 g - a scroll of immolation {unknown}
 i - 2 scrolls of identify {unknown}
 l - 2 scrolls of enchant weapon {unknown}
 m - a scroll of enchant armour {unknown}
 p - a scroll of remove curse {unknown}
 t - a scroll of magic mapping {unknown}
Potions
 j - a potion of magic
 q - a potion of agility {unknown}
 s - a potion of curing {unknown}
Books
 c - a book of Battle

   Spells                             Type                      Level
   a - Infusion                       Charms                       1
   b - Shroud of Golubria             Charms/Translocation         2
   c - Song of Slaying                Charms                       2
   d - Spectral Weapon                Hexes/Charms                 3
   e - Regeneration                   Charms/Necromancy            3
Comestibles
 d - 3 bread rations
 f - 4 royal jellies
 n - 2 chunks of flesh


   Skills:
 + Level 3.2 Fighting
 + Level 4.0 Maces & Flails
 + Level 2.6 Armour
 + Level 4.0 Dodging
 - Level 2.0 Stealth
 + Level 3.9 Spellcasting
 + Level 5.1 Charms
 + Level 1.7 Translocations


You had 6 spell levels left.
You knew the following spells:

 Your Spells              Type           Power        Failure   Level  Hunger
a - Infusion              Chrm           ##..         10%         1    #......
s - Shroud of Golubria    Chrm/Tloc      ##........   30%         2    ##.....
x - Song of Slaying       Chrm           ##......     14%         2    ##.....


Dungeon Overview and Level Annotations

Branches:
Dungeon (3/15)

Altars:
Makhleb
Uskayaw

Annotations:
D:3 Crazy Yiuf


Innate Abilities, Weirdness & Mutations

You have a short attention span.
You have very sharp teeth.
Your uncanny sense of smell can sniff out nearby items.


Message History

You hit Crazy Yiuf. Crazy Yiuf barely misses you.
You hit Crazy Yiuf. Crazy Yiuf closely misses you.
You hit Crazy Yiuf but do no damage.
Crazy Yiuf hits you with a quarterstaff of chaos!
You are poisoned.
You hit Crazy Yiuf but do no damage.
You feel sick.
Crazy Yiuf hits you with a quarterstaff of chaos.
You are electrocuted!
* * * LOW HITPOINT WARNING * * *
It was a potion of magic.
Magic courses through your body.
* * * LOW HITPOINT WARNING * * *
You feel sick.
Okay, then.
It was a potion of degeneration.
There was something very wrong with that liquid.
You feel weakened.
You feel dopey.
You feel clumsy.
* * * LOW HITPOINT WARNING * * *
You feel sick.
Crazy Yiuf hits you with a quarterstaff of chaos!
You die...

##### #)..#
#...# #..#
#.g.# #..#
#@# ##..##
♣.♣♣ ....#
♣♣.♣ #
#...######
♣.♣♣
#.#........#
♣♣.♣
#.#.......#
♣♣.♣♣
#..<...#
♣♣.P.♣
###.#..#
♣.PPP♣
#.#..####
##..##


You could see Crazy Yiuf.

Vanquished Creatures
  4 adders
  2 gnolls (D:1)
  2 worms (D:2)
  2 dart slugs
  2 leopard geckos
  5 goblins
  7 hobgoblins
  6 jackals (D:2)
  2 quokkas
  A ball python (D:2)
  7 bats
  5 frilled lizards
  3 kobolds
  8 rats
56 creatures vanquished.

Notes
Turn   | Place    | Note
-------+----------+-------------------------------------------
     0 | D:1      | kuniqs the Gnoll Skald began the quest for the Orb.
     0 | D:1      | Reached XP level 1. HP: 18/18 MP: 4/4
   208 | D:1      | Reached skill level 1 in Stealth
   208 | D:1      | Reached XP level 2. HP: 3/24 MP: 4/6
   232 | D:1      | Learned a level 2 spell: Song of Slaying
   660 | D:1      | Reached XP level 3. HP: 19/29 MP: 2/8
   942 | D:1      | Found a hide-covered altar of Uskayaw.
  1216 | D:2      | Learned a level 2 spell: Shroud of Golubria
  1231 | D:2      | Reached XP level 4. HP: 34/35 MP: 6/9
  1430 | D:2      | Reached skill level 1 in Translocations
  1496 | D:2      | Reached skill level 5 in Charms
  1841 | D:2      | Found a burning altar of Makhleb.
  2239 | D:3      | Reached XP level 5. HP: 41/41 MP: 4/10
  2265 | D:3      | Found a runed door.
  2280 | D:3      | Noticed Crazy Yiuf
  2291 | D:3      | HP: 2/41 [poisoned by Crazy Yiuf]
  2291 | D:3      | Slain by Crazy Yiuf

Vault maps used:
D:1:      lemuel_arrival_rhombus, minmay_hexomino_r4
D:2:      overflow_temple_1_default, first_bread
D:3:      grunt_ministairs_13, hangedman_decor_riveting, uniq_crazy_yiuf_cottage

Skill      XL: |  1  2  3  4 |
---------------+-------------+-----
Stealth        | 1 2 |  2.0
Armour         | 2 |  2.6
Translocations | 1 |  1.7
Charms         | 5 |  5.1
Dodging        | 4 |  4.0
Maces & Flails | 4 |  4.0
Fighting       | |  3.2
Spellcasting   | |  3.9

Action                   |  1- 3 |  4- 6 || total
-------------------------+-------+-------++-------
Melee: Whip              |   121 |   122 ||   243
       Bite              |     9 |     7 ||    16
       Mace              |     1 |       ||     1
 Cast: Infusion          |     3 |     6 ||     9
       Song of Slaying   |     2 |     3 ||     5
       Shroud of Golubri |       |     4 ||     4
  Use: Potion            |       |     2 ||     2
 Stab: Sleeping          |       |     1 ||     1
  Eat: Chunk             |     1 |     4 ||     5
Armor: Leather armour    |    12 |       ||    12
       Ring mail         |    28 |    34 ||    62
Dodge: Dodged            |    86 |    89 ||   175
